 Dungeon Crawl Stone Soup version 0.29-a0-214-g17f627cfee (webtiles) character file.

Game seed: 15236113136468800770

19763 testman the Demonic Aeon (level 12, -2/97 HPs)
             Began as a Demonspawn Artificer on Feb 24, 2022.
             Was the Champion of Cheibriados.
             Slain by a two-headed ogre
             ... wielding a +0 giant spiked club
              (14 damage)
             ... on level 12 of the Dungeon.
             The game lasted 01:02:34 (13413 turns).

testman the Demonic Aeon (Demonspawn Artificer)    Turns: 13413, Time: 01:02:35

Health: -2/97      AC: 12    Str: 30    XL:     12   Next: 39%
Magic:  20/20      EV: 16    Int: 30    God:    Cheibriados [******]
Gold:   363        SH:  0    Dex: 29    Spells: 6/22 levels left

rFire   + + .      SeeInvis .     - Unarmed
rCold   + . .      Faith    .   (no shield)
rNeg    . . .      Spirit   .   V - +3 scale mail {rC+}
rPois   .          Reflect  .   J - +2 hat
rElec   .          Harm     .   Z - scarf {rC+ rF+}
rCorr   .          Rampage  .   (no gloves)
Will    .....                   M - +0 pair of boots
Stlth   +.........              (no amulet)
HPRegen 0.26/turn               S - ring of wizardry
MPRegen 0.17/turn               W - ring "Inepn" {Fire +Blink}

@: agile, very slow
A: claws 2, hooves 2, foul stench 1, powered by pain 2
a: Renounce Religion, Evoke Blink, Bend Time, Temporal Distortion, Slouch, Step
From Time


You were on level 12 of the Dungeon.
You worshipped Cheibriados.
Cheibriados was exalted by your worship.
You visited 1 branch of the dungeon, and saw 12 of its levels.

You collected 579 gold pieces.
You spent 216 gold pieces at shops.

Inventory:

Hand Weapons
 f - a +0 spear
 x - a +0 hunting sling
Missiles
 h - 273 stones
 l - 4 throwing nets
 o - 7 boomerangs
 E - 21 poisoned darts
Armour
 y - the +0 chain mail of Terror {rN++}
   (You found it on level 3 of the Dungeon)

   rN:        It greatly protects you from negative energy.
 J - a +2 hat (worn)
 L - a +0 cloak
 M - a +0 pair of boots (worn)
 N - a +0 ring mail of poison resistance
 O - a +0 troll leather armour
 V - a +3 scale mail of cold resistance (worn)
 Z - a scarf of resistance (worn)
Jewellery
 r - a +6 ring of dexterity
 s - a +4 ring of slaying
 w - a ring of magical power
 K - a ring of willpower
 P - a ring of protection from fire
 S - a ring of wizardry (left claw)
 W - the ring "Inepn" (right claw) {Fire +Blink}
   (You found it on level 10 of the Dungeon)

   [ring of fire]

   It enhances your fire magic.
   rF:        It protects you from fire.
   rC:        It makes you vulnerable to cold.
   +Blink:    It lets you blink.
 Y - a ring of poison resistance
Wands
 a - a wand of mindburst (27)
 c - a wand of flame (23)
 d - a wand of charming (18)
 R - a wand of paralysis (6)
 X - a wand of acid (2)
Scrolls
 b - a scroll of amnesia {unknown}
 p - a scroll of immolation {unknown}
 t - 4 scrolls of summoning
 z - 8 scrolls of teleportation
 A - a scroll of enchant armour {unknown}
 B - 2 scrolls of fog {unknown}
 C - 2 scrolls of holy word {unknown}
 D - a scroll of vulnerability {unknown}
 I - a scroll of magic mapping {unknown}
 U - 4 scrolls of identify
Potions
 g - 2 potions of lignification
 i - 2 potions of ambrosia {unknown}
 j - 2 potions of degeneration
 k - a potion of invisibility {unknown}
 m - 4 potions of heal wounds
 n - 8 potions of curing
 q - 2 potions of brilliance {unknown}
 u - 2 potions of berserk rage {unknown}
 v - 2 potions of attraction {unknown}
 F - 2 potions of flight {unknown}
 G - 3 potions of mutation
 H - 2 potions of might
 T - a potion of cancellation {unknown}
Miscellaneous
 e - a piece from Xom's chessboard (15/15)
 Q - a tin of tremorstones (2/2)


   Skills:
 + Level 9.8 Fighting
 - Level 3.0 Armour
 - Level 0.8 Dodging
 - Level 0.8 Stealth
 + Level 9.4 Unarmed Combat
 + Level 5.9 Spellcasting
 - Level 5.1 Transmutations
 - Level 2.0 Air Magic
 + Level 5.7 Earth Magic
 + Level 3.9 Poison Magic
 + Level 11.8 Invocations
 + Level 3.6 Evocations


You had 6 spell levels left.
You knew the following spells:

 Your Spells              Type           Power      Damage    Failure   Level
a - Sting                 Tmut/Pois      100%       1d8       1%          1
b - Petrify               Tmut/Erth      41%        N/A       4%          4
c - Poisonous Vapours     Pois/Air       52%        N/A       1%          2
d - Passwall              Tmut/Erth      34%        N/A       1%          2
e - Stone Arrow           Conj/Erth      50%        3d10      4%          3
f - Olgreb's Toxic Radia  Pois           32%        N/A       9%          4

Your spell library contained the following spells:

 Spells                   Type           Power      Damage    Failure   Level
 Sandblast                Erth           86%        2d18      1%          1
 Spider Form              Tmut/Pois      36%        N/A       1%          3
 Corpse Rot               Necr/Air       28%        N/A       4%          2
 Static Discharge         Conj/Air       14%        N/A       4%          2
 Ensorcelled Hibernation  Hex/Ice        16%        N/A       7%          2
 Tukima's Dance           Hex            8%         N/A       13%         3
 Anguish                  Hex/Necr       4%         N/A       38%         4
 Dispel Undead            Necr           8%         3d8       38%         4
 Passage of Golubria      Tloc           8%         N/A       38%         4
 Sticky Flame             Conj/Fire      13%        2d4       38%         4
 Yara's Violent Unravell  Hex/Tmut       12%        3d7       38%         5
 Statue Form              Tmut/Erth      27%        N/A       56%         6
 Metabolic Englaciation   Hex/Ice        4%         N/A       73%         5


Dungeon Overview and Level Annotations

Branches:
Dungeon (12/15)            Temple (0/1) D:7            Lair (0/6) D:11
    Orc: D:9-12

Altars:
Cheibriados
Dithmenos
Gozag
Hepliaklqana
Kikubaaqudgha
Sif Muna
Uskayaw
Xom
Yredelemnul

Shops:
D:8 :   D:12 :


Innate Abilities, Weirdness & Mutations

You have very sharp fingernails.
You have hoof-like feet.
You may rarely emit foul miasma when damaged in melee.
You sometimes gain power by taking damage.


Message History

You mangle the cyclops!!
The cyclops is almost dead.
The cyclops closely misses you. The troll closely misses you.
The troll barely misses you. The troll closely misses you.
You claw the cyclops!
The cyclops is almost dead.
The cyclops hits you!!
You focus on the pain.
You feel agile all of a sudden.
You scratch the cyclops.
You kill the cyclops!
Cheibriados appreciates the change of pace.
The troll barely misses you. The troll claws you but does no damage.
The troll misses you.
You scratch the troll. You claw the troll, but do no damage.
The troll is lightly wounded.
The troll bites you!
You focus on the pain.
You feel your power returning.
You emit a cloud of foul miasma!
The troll barely misses you. The troll completely misses you.
You scratch the troll but do no damage.
The troll is lightly wounded.
The troll is engulfed in dark miasma.
The troll is poisoned.
The troll barely misses you. The troll claws you but does no damage.
The troll completely misses you.
You scratch the troll but do no damage.
The troll is moderately wounded.
The troll is engulfed in dark miasma.
The troll looks even sicker.
The troll bites you but does no damage. The troll claws you.
The troll barely misses you.
You scratch the troll but do no damage. You claw the troll.
The troll is heavily wounded.
You claw the troll!
You kill the troll!
Cheibriados thoroughly appreciates the change of pace.
The two-headed ogre barely misses you. The two-headed ogre closely misses you.
You scratch the two-headed ogre.
The two-headed ogre is lightly wounded.
The two-headed ogre hits you with a +0 giant spiked club!!
* * * LOW HITPOINT WARNING * * *
The two-headed ogre hits you with a +0 giant club!
You die...

#.....## '.....' #.....#
#.....# #.....#
#.....#.##########
#°O...#...........
#@(...#...........
#.....#...........
#.....#...........
#############.....#...........
#8................#.......#...
#.................####........
#.................#..#####'#>.
#.................#........+..
#8...............8#.)......#..


You could see a two-headed ogre.

Vanquished Creatures
  Snorg (D:11)
  A hydra (D:11)
  A boulder beetle (D:11)
  Harold (D:8)
  The ghost of sirJeffrey23 the Martial Artist, a journeyman DsMo of Hepliaklqana (D:10)
  Amaemon (D:11)
  4 two-headed ogres
  3 manticores
  4 cyclopes
  Joseph (D:8)
  An orange demon (D:11)
  A gargoyle (D:12)
  3 trolls
  Grinder (D:4)
  Prince Ribbit (D:8)
  2 hornets
  A centaur simulacrum (D:10)
  A wraith (D:11)
  14 yaks
  Sigmund (D:3)
  A wyvern (D:9)
  8 vampire mosquitoes
  Menkaure (D:4)
  Edmund (D:4)
  3 water moccasins
  2 hornet zombies
  6 ice beasts
  2 orc warriors
  2 necrophages (D:6)
  2 sky beasts (D:6)
  6 centaurs
  4 ogres
  A phantom (D:5)
  3 bullfrogs (D:8)
  2 kobold brigands
  A scorpion (D:7)
  The ghost of Strat the Ruffian, an amateur VSCK of Xom (D:3)
  A water moccasin zombie (D:6)
  3 wights (D:7)
  3 vampire bats (D:7)
  2 howler monkeys
  2 jellies
  6 centaur zombies
  2 hounds
  7 orc priests
  2 bullfrog skeletons
  An iron imp (D:6)
  3 iguanas
  5 orc wizards
  A killer bee zombie (D:7)
  2 howler monkey zombies
  Robin (D:3)
  3 howler monkey skeletons
  6 gnolls (D:6)
  6 adders
  3 shadow imps
  2 howler monkey simulacra (D:10)
  2 white imps (D:10)
  An adder skeleton (D:4)
  5 worms
  24 orcs
  4 ball pythons
  2 bats
  A bat skeleton (D:7)
  6 bat zombies (D:7)
  4 endoplasms
  4 giant cockroaches
  14 goblins
  4 hobgoblins
  4 quokkas
  2 frilled lizards
  14 kobolds
  4 rats
246 creatures vanquished.

Vanquished Creatures (collateral kills)
  An orc (D:5)
1 creature vanquished.

Vanquished Creatures (others)
  An orc priest (D:5)
  14 plants (D:2)
15 creatures vanquished.

Grand Total: 262 creatures vanquished

Notes
Turn   | Place    | Note
-------+----------+-------------------------------------------
     0 | D:1      | testman the Demonspawn Artificer began the quest for the
                  | Orb.
     0 | D:1      | Reached XP level 1. HP: 15/15 MP: 1/1
   732 | D:2      | Gained mutation: You sometimes gain a little power by
                  | taking damage. [demonic ancestry]
   732 | D:2      | Reached XP level 2. HP: 18/22 MP: 2/2
   864 | D:2      | Discovered your monstrous ancestry.
   864 | D:2      | Gained mutation: You have sharp fingernails. [demonic
                  | ancestry]
   864 | D:2      | Reached XP level 3. HP: 29/29 MP: 3/3
  1533 | D:2      | Reached skill level 1 in Unarmed Combat
  1884 | D:3      | Identified the +0 chain mail of Terror {rN++}
  1910 | D:3      | Found a faded altar of an unknown god.
  1941 | D:3      | Prayed at the altar of an unknown god.
  1941 | D:3      | Became a worshipper of Cheibriados the Contemplative
  1941 | D:3      | Reached * piety under Cheibriados
  2081 | D:3      | Found a runed translucent door.
  2084 | D:3      | Noticed Strat's ghost (amateur VSCK)
  2116 | D:3      | Reached XP level 4. HP: 35/35 MP: 4/4
  2244 | D:3      | Noticed Sigmund
  2246 | D:3      | Killed Sigmund
  2247 | D:3      | Gained mutation: You have large cloven feet. [demonic
                  | ancestry]
  2247 | D:3      | Reached XP level 5. HP: 41/41 MP: 5/5
  2296 | D:3      | Noticed Robin
  2302 | D:3      | Killed Robin
  2468 | D:3      | Reached ** piety under Cheibriados
  2540 | D:3      | Found a shimmering blue altar of Sif Muna.
  2618 | D:3      | Killed Strat's ghost
  2619 | D:3      | Reached skill level 1 in Invocations
  2619 | D:3      | Gained mutation: You have very sharp fingernails. [demonic
                  | ancestry]
  2619 | D:3      | Reached XP level 6. HP: 41/47 MP: 6/6
  2694 | D:4      | Reached skill level 2 in Invocations
  2984 | D:4      | Noticed Menkaure
  2990 | D:4      | Killed Menkaure
  2991 | D:4      | Reached skill level 3 in Invocations
  2991 | D:4      | Reached XP level 7. HP: 55/55 MP: 7/9
  3043 | D:4      | Noticed Grinder
  3048 | D:4      | Killed Grinder
  3049 | D:4      | Reached skill level 5 in Unarmed Combat
  3049 | D:4      | Reached skill level 4 in Invocations
  3197 | D:4      | Reached skill level 5 in Fighting
  3274 | D:4      | Noticed Edmund
  3282 | D:4      | Killed Edmund
  3283 | D:4      | Reached skill level 5 in Invocations
  3283 | D:4      | Reached XP level 8. HP: 48/62 MP: 11/11
  3692 | D:5      | Entered Level 5 of the Dungeon
  3962 | D:5      | Reached skill level 6 in Invocations
  3963 | D:5      | Reached *** piety under Cheibriados
  4654 | D:5      | Found a shadowy altar of Dithmenos.
  4723 | D:5      | Learned a level 1 spell: Sting
  5057 | D:6      | Reached skill level 1 in Transmutations
  5057 | D:6      | Reached skill level 7 in Invocations
  5070 | D:6      | Gained mutation: You sometimes gain power by taking damage.
                  | [demonic ancestry]
  5070 | D:6      | Reached XP level 9. HP: 42/71 MP: 14/14
  5455 | D:6      | Reached **** piety under Cheibriados
  5526 | D:6      | Found an opulent altar of Gozag.
  5655 | D:6      | Found a hide-covered altar of Uskayaw.
  5732 | D:6      | Found a basalt altar of Yredelemnul.
  5782 | D:6      | Found a snail-covered altar of Cheibriados.
  5787 | D:6      | Reached skill level 1 in Poison Magic
  5931 | D:7      | Reached skill level 8 in Invocations
  6259 | D:7      | Noticed a troll
  6265 | D:7      | Killed a troll
  6385 | D:7      | Learned a level 4 spell: Petrify
  6396 | D:7      | Found a staircase to the Ecumenical Temple.
  6688 | D:7      | Reached ***** piety under Cheibriados
  6689 | D:7      | Reached skill level 1 in Earth Magic
  6874 | D:7      | Found an ancient bone altar of Kikubaaqudgha.
  7228 | D:8      | Gained mutation: You may rarely emit foul miasma when
                  | damaged in melee. [demonic ancestry]
  7228 | D:8      | Reached XP level 10. HP: 69/80 MP: 16/16
  7240 | D:8      | Reached skill level 9 in Invocations
  7296 | D:8      | Learned a level 2 spell: Poisonous Vapours
  7302 | D:8      | Noticed Harold
  7315 | D:8      | Killed Harold
  7316 | D:8      | Reached skill level 1 in Air Magic
  7448 | D:8      | Noticed Prince Ribbit
  7453 | D:8      | Killed Prince Ribbit
  7605 | D:8      | Noticed Joseph
  7615 | D:8      | Killed Joseph
  7852 | D:8      | Found Geutz's Book Shop.
  7909 | D:8      | Bought a book of Geomancy for 216 gold pieces
  7912 | D:8      | Learned a level 2 spell: Passwall
  8763 | D:10     | Entered Level 10 of the Dungeon
  8763 | D:10     | Found a runed translucent gate.
  8763 | D:10     | Found a runed translucent gate.
  8763 | D:10     | Found a runed translucent gate.
  8792 | D:10     | Noticed sirJeffrey23's ghost (journeyman DsMo)
  8819 | D:10     | Noticed a two-headed ogre
  8825 | D:10     | Killed a two-headed ogre
  8826 | D:10     | Reached skill level 1 in Spellcasting
  8831 | D:10     | Reached skill level 10 in Invocations
  8917 | D:10     | Learned a level 3 spell: Stone Arrow
  9001 | D:10     | Gained mutation: You have hoof-like feet. [demonic
                  | ancestry]
  9001 | D:10     | Reached XP level 11. HP: 81/87 MP: 18/18
  9080 | D:10     | Noticed a two-headed ogre
  9086 | D:10     | Killed a two-headed ogre
  9268 | D:10     | Found a shimmering altar of Xom.
  9269 | D:10     | Found a hazy altar of Hepliaklqana.
  9322 | D:10     | Reached skill level 5 in Transmutations
 10020 | D:10     | Killed sirJeffrey23's ghost
 10241 | D:10     | Got the ring "Inepn" {Fire +Blink}
 10372 | D:11     | Noticed Amaemon
 10389 | D:11     | Killed Amaemon
 10769 | D:11     | Found a staircase to the Lair.
 10906 | D:11     | Noticed a boulder beetle
 10913 | D:11     | Killed a boulder beetle
 11014 | D:11     | Noticed a two-headed ogre
 11021 | D:11     | Killed a two-headed ogre
 11022 | D:11     | Reached skill level 5 in Spellcasting
 11234 | D:11     | Reached skill level 11 in Invocations
 11239 | D:11     | Learned a level 4 spell: Olgreb's Toxic Radiance
 11579 | D:11     | Noticed a six-headed hydra
 11588 | D:11     | Killed a six-headed hydra
 11588 | D:11     | Reached ****** piety under Cheibriados
 11589 | D:11     | Reached skill level 5 in Earth Magic
 11978 | D:11     | Noticed Snorg
 11988 | D:11     | Killed Snorg
 11989 | D:11     | Reached XP level 12. HP: 11/96 MP: 20/20
 12701 | D:12     | Found Zouti's Book Shoppe.
 13393 | D:12     | Noticed a two-headed ogre
 13403 | D:12     | Killed a two-headed ogre
 13404 | D:12     | Noticed a two-headed ogre
 13413 | D:12     | Slain by a two-headed ogre

Illustrated notes

Levels and vault maps discovered:
D:1:      onia_arrival_pyramid, layout_basic
D:2:      layout_loops_ring, serial_bayou, serial_bayou_pond_b,
          serial_bayou_pond_d, serial_bayou_shore_a, serial_bayou_lagoon_b
D:3:      layout_loops_cross, nicolae_sif_muna_little_library,
          hellmonk_ghost_happy_afterlife, chequers_ecumenical_altar_island,
          uniq_sigmund, uniq_robin
D:4:      layout_basic, uniq_menkaure, uniq_grinder, uniq_edmund
D:5:      layout_loops_cross, nicolae_dithmenos_shadow_blocks
D:6:      layout_rooms, slow_altar_2, lemuel_tele_altar, lemuel_doored_altar,
          kennysheep_little_box
D:7:      layout_loops_corners, kennysheep_vampire_church,
          minmay_temple_entry_nine_rooms
D:8:      layout_loops_cross, serial_shops, nicolae_shop_window_shopping,
          minmay_checkerbox, uniq_harold, uniq_prince_ribbit1, uniq_joseph
D:9:      layout_cave_pods
D:10:     layout_grid_maze, regret_index_temple_of_mockery, gammafunk_ghost_icy
D:11:     layout_irregular_city, lair_entry_dummy, minivault_19, uniq_snorg,
          uniq_amaemon
D:12:     minmay_box_of_statues, layout_stronghold, erik_orc_2, serial_shops,
          shop, minmay_misc_feat_square

Skill      XL: |  1  2  3  4  5  6  7  8  9 10 11 12 |
---------------+-------------------------------------+-----
Fighting       | 2 3 4 5 6 7 8 9 |  9.8
Unarmed Combat | 1 3 4 5 6 7 8 9 |  9.4
Invocations    | 1 3 5 7 8 10 11 | 11.8
Armour         | 2 3 |  3.0
Transmutations | 1 3 4 5 |  5.1
Poison Magic   | 2 3 |  3.9
Earth Magic    | 1 3 5 |  5.7
Air Magic      | 2 |  2.0
Spellcasting   | 2 5 |  5.9
Dodging        | |  0.8
Stealth        | |  0.8
Evocations     | |  3.6

Action                   |  1- 3 |  4- 6 |  7- 9 | 10-12 || total
-------------------------+-------+-------+-------+-------++-------
Melee: Spear             |    96 |     6 |       |       ||   102
       Unarmed           |       |    47 |   240 |   244 ||   531
       Kick              |       |     9 |    42 |       ||    51
       Punch             |       |       |    14 |    17 ||    31
Throw: Boomerang         |     5 |    15 |    18 |       ||    38
 Cast: Sting             |       |       |    12 |    15 ||    27
       Stone Arrow       |       |       |       |    53 ||    53
       Poisonous Vapours |       |       |       |    23 ||    23
       Petrify           |       |       |       |     2 ||     2
       Olgreb's Toxic Ra |       |       |       |     1 ||     1
Invok: Slouch            |       |       |       |     1 ||     1
Evoke: Wand              |       |     4 |    24 |     5 ||    33
  Use: Scroll            |       |     3 |     4 |     1 ||     8
       Potion            |       |       |       |     4 ||     4
 Stab: Distracted        |     1 |       |       |       ||     1
       Sleeping          |       |       |     2 |     2 ||     4
Armor: Ring mail         |    18 |       |     7 |       ||    25
       Leather armour    |     1 |       |       |       ||     1
       Chain mail        |     5 |    13 |    67 |       ||    85
       Troll leather arm |       |       |    23 |    18 ||    41
       Scale mail        |       |       |       |   133 ||   133
Dodge: Dodged            |    25 |    11 |    83 |   167 ||   286

Table legend: (Time is in decaauts)
 A = Elapsed time spent in this place.
 B = Non-inter-level travel time spent in this place.
 C = Inter-level travel time spent in this place.
 D = Time resting spent in this place.
 E = Time spent auto-exploring this place.
 F = Levels seen in this place.
 G = Mean time per level.
                   A        B        C        D        E       F      G
               +--------+--------+--------+--------+--------+-----+--------+
         Total |  17959 |  17346 |    613 |   3923 |  11397 |  12 | 1496.6 |
       Dungeon |  17959 |  17346 |    613 |   3923 |  11397 |  12 | 1496.6 |
               +--------+--------+--------+--------+--------+-----+--------+

Top non-repeatable levels by time:
    D:11: 2728 daAuts
    D:10: 2075 daAuts
     D:7: 1894 daAuts
     D:4: 1854 daAuts
     D:9: 1425 daAuts
     D:8: 1419 daAuts
     D:2: 1227 daAuts
     D:5: 1226 daAuts
     D:6: 1205 daAuts
    D:12: 1181 daAuts
     D:3: 1025 daAuts
     D:1: 695 daAuts
